 Dungeon Crawl Stone Soup version 0.23-a0-164-g7711e57 (webtiles) character file.

721 grindst0ne the Fighter (level 7, 0/63 HPs)
             Began as a Mummy Gladiator on Sept 10, 2018.
             Slain by an ice beast (5 damage)
             ... on level 5 of the Dungeon.
             The game lasted 00:08:22 (4720 turns).

grindst0ne the Fighter (Mummy Gladiator)            Turns: 4720, Time: 00:08:23

Health: 0/63       AC:  6    Str: 17    XL:     7   Next: 43%
Magic:  7/7        EV: 12    Int: 10    God:
Gold:   297        SH:  0    Dex: 13    Spells: 6/6 levels left

rFire    . . .     SeeInvis +   c - +2 short sword (venom)
rCold    + . .     Gourm    .   (no shield)
rNeg     + + +     Faith    .   u - +1 leather armour {rF+}
rPois    ∞         Spirit   .   k - +0 helmet
rElec    .         Reflect  .   (no cloak)
rCorr    .         Harm     .   v - +0 pair of gloves
MR       +....                  (no boots)
Stlth    +.........             (no amulet)
HPRegen  0.20/turn              f - ring of see invisible
MPRegen  0.10/turn              l - ring of protection from magic

@: no status effects
A: no food or potions, fire vulnerability, cold resistance 1, negative energy
resistance 3, torment resistance, unbreathing
a: no special abilities


You were on level 5 of the Dungeon.
You were not hungry.

You visited 1 branch of the dungeon, and saw 5 of its levels.

You collected 297 gold pieces.

Inventory:

Hand Weapons
 b - a +0 blowgun
 c - a +2 short sword of venom (weapon)
Missiles
 d - 2 throwing nets (quivered)
 g - 45 poisoned needles
 o - 7 curare-tipped needles
 p - 3 javelins
Armour
 j - a +0 scale mail
 k - a +0 helmet (worn)
 u - a +1 leather armour of fire resistance (worn)
 v - a +0 pair of gloves (worn)
Jewellery
 f - a ring of see invisible (left hand)
 i - an uncursed ring of protection from magic
 l - a ring of protection from magic (right hand)
Wands
 n - a wand of digging (13)
 s - a wand of clouds (1)
 t - a wand of flame (6)
Scrolls
 a - a scroll of remove curse {unknown}
 e - 2 scrolls of random uselessness {unknown}
 h - 4 scrolls of enchant armour {unknown}
 m - a scroll of magic mapping {unknown}
 q - a scroll of enchant weapon {unknown}
 r - 3 scrolls of teleportation {unknown}


   Skills:
 + Level 8.5 Fighting
   Level 2.4 Maces & Flails
 - Level 1.5 Throwing
 - Level 2.4 Dodging


You had 6 spell levels left.
You didn't know any spells.
Your spell library was empty.

Dungeon Overview and Level Annotations

Branches:
Dungeon (5/15)
 Temple: D:4-7

Altars:
Ashenzari
Hepliaklqana
Qazlal
Ru
Sif Muna
Xom
The Shining One

Annotations:
D:5 1 transporter


Innate Abilities, Weirdness & Mutations

You do not eat or drink.
Your flesh is vulnerable to fire.
You are immune to poison.
Your flesh is cold resistant. (rC+)
You are immune to negative energy. (rN+++)
You are immune to unholy pain and torment.
You can survive without breathing.


Message History

You closely miss the ice beast. The ice beast hits you.
* * * LOW HITPOINT WARNING * * *
The ice beast freezes you. You resist.
* * * LOW HITPOINT WARNING * * *
The ice beast hits you but does no damage.
You hit the ice beast but do no damage. The ice beast closely misses you.
You hit the ice beast.
The ice beast is lightly wounded.
The ice beast hits you.
* * * LOW HITPOINT WARNING * * *
The ice beast freezes you. You resist.
* * * LOW HITPOINT WARNING * * *
Throwing (i - inventory. (/) - cycle)
d - 3 throwing nets (quivered)
Press: ? - help, Shift-Dir - straight line, f - ice beast
Aim: an ice beast (lightly wounded)
You throw a throwing net.
The throwing net closely misses the ice beast.
The throwing net hits the iguana.
The iguana is caught in the net!
The iguana struggles against the net.
The ice beast hits you.
You die...

...######.######.....# ...#.. ...
..#.....##
####.####.####.#<.....#+# ...#.#
......#.#.####....
.###.#.##.##.#.#.##......## .. #
.###.#.#...#.#.#l##............#
........._.......##.....#.#.#..#
...#.#.#...#.#.#Y....%....#.#..##
####.#.##.##.#.#@...............#
. #.#.......#.#........#.#......
#.####.####.#.....##.........#
#...........#............#.#.#
######.######........##..#....
#................#..##.......
######.......##.....##.......
#.......##.##..##.##(#..
#.......##.....##.##....


You could see an ice beast and an iguana (caught).

Vanquished Creatures
  2 sky beasts (D:5)
  A big kobold (D:4)
  A scorpion (D:4)
  An orc wizard (D:3)
  Jessica (D:2)
  A bullfrog skeleton (D:5)
  An iguana (D:4)
  Ijyb (D:3)
  Terence (D:1)
  Natasha (thrice) (D:3)
  A killer bee zombie (D:5)
  Robin (D:2)
  4 adders
  2 oozes
  3 worms (D:3)
  2 dart slugs (D:1)
  A leopard gecko (D:1)
  4 orcs (D:3)
  2 giant cockroaches
  12 goblins
  12 hobgoblins
  8 jackals
  5 quokkas
  2 ball pythons
  9 bats
  3 frilled lizards
  A jackal skeleton (D:4)
  23 kobolds
  7 rats
115 creatures vanquished.

Vanquished Creatures (others)
  2 plants (D:4)
2 creatures vanquished.

Grand Total: 117 creatures vanquished

Notes
Turn   | Place    | Note
-------+----------+-------------------------------------------
     0 | D:1      | grindst0ne the Mummy Gladiator began the quest for the Orb.
     0 | D:1      | Reached XP level 1. HP: 16/16 MP: 1/1
   180 | D:1      | Reached XP level 2. HP: 23/23 MP: 2/2
   403 | D:1      | Reached skill level 3 in Fighting
   923 | D:2      | Reached XP level 3. HP: 14/29 MP: 3/3
  1300 | D:2      | Noticed Terence
  1302 | D:2      | Noticed Robin
  1313 | D:2      | Reached skill level 4 in Fighting
  1556 | D:1      | Killed Terence
  1556 | D:1      | Reached XP level 4. HP: 18/38 MP: 4/4
  1733 | D:2      | Killed Robin
  1829 | D:2      | Found a stormy altar of Qazlal.
  1914 | D:2      | Found a hazy altar of Hepliaklqana.
  1915 | D:2      | Noticed Jessica
  1926 | D:2      | Killed Jessica
  1926 | D:2      | Reached skill level 5 in Fighting
  2126 | D:3      | Noticed Natasha
  2147 | D:3      | Killed Natasha
  2147 | D:3      | Reached XP level 5. HP: 33/44 MP: 5/5
  2278 | D:3      | Noticed Natasha
  2285 | D:3      | Killed Natasha
  2328 | D:3      | Noticed Natasha
  2342 | D:3      | Killed Natasha
  2600 | D:3      | Reached skill level 6 in Fighting
  2814 | D:3      | Noticed Ijyb
  2826 | D:3      | Killed Ijyb
  2826 | D:3      | Reached XP level 6. HP: 36/53 MP: 6/6
  3360 | D:4      | Reached skill level 7 in Fighting
  3718 | D:4      | Found a stormy altar of Qazlal.
  3720 | D:4      | Found a glowing golden altar of the Shining One.
  3720 | D:4      | Found a shattered altar of Ashenzari.
  3720 | D:4      | Found a shimmering altar of Xom.
  3723 | D:4      | Found a deep blue altar of Sif Muna.
  4349 | D:5      | Entered Level 5 of the Dungeon
  4357 | D:5      | Noticed a sky beast
  4367 | D:5      | Killed a sky beast
  4367 | D:5      | Reached XP level 7. HP: 35/61 MP: 7/7
  4384 | D:5      | Reached skill level 8 in Fighting
  4597 | D:5      | Found a sacrificial altar of Ru.
  4649 | D:5      | Found a transporter.
  4720 | D:5      | Slain by an ice beast

Vault maps used:
D:1:      lemuel_arrival_muddy
D:2:      lemuel_round_altar, grunt_qazlal_sundering, uniq_terence, uniq_robin,
          uniq_jessica
D:3:      minmay_diamond_boxcup, uniq_natasha, uniq_ijyb
D:4:      kennysheep_kobold_camp, grunt_temple_overflow_open, first_ration,
          minmay_misc_feat_more_columns, minmay_item_behind_shaft,
          minmay_distorted
D:5:      cheibrodos_helix_gallery, nicolae_ru_sacrificial_ziggurat,
          gammafunk_temple_overflow_arena

Skill      XL: |  1  2  3  4  5  6  7 |
---------------+----------------------+-----
Fighting       | 3 4 5 6 7 8 |  8.5
Maces & Flails | |  2.4
Throwing       | |  1.5
Dodging        | |  2.4

Action                   |  1- 3 |  4- 6 |  7- 9 || total
-------------------------+-------+-------+-------++-------
Melee: Flail             |   117 |    28 |       ||   145
       Dagger            |       |   120 |       ||   120
       Short sword       |       |    84 |    53 ||   137
 Fire: Blowgun           |       |     2 |       ||     2
Throw: Throwing net      |       |       |     1 ||     1
 Stab: Sleeping          |     1 |       |       ||     1
Armor: Leather armour    |    51 |    20 |    13 ||    84
       Scale mail        |       |    64 |       ||    64
Dodge: Dodged            |   130 |   145 |    48 ||   323

Table legend:
 A = Non-vault XP
 B = Vault XP
 C = Vault XP percentage of total XP
 D = Non-vault monster count
 E = Vault monster count
 F = Vault count percentage of total count
                 A         B        C        D         E       F
            +---------+---------+-------+---------+---------+-------
      Total |     605 |     426 |  41.3 |      69 |      46 |  40.0
            +---------+---------+-------+---------+---------+-------
        D:1 |      38 |      40 |  51.3 |      21 |       3 |  12.5
        D:2 |      32 |      67 |  67.7 |      18 |      10 |  35.7
        D:3 |     151 |      86 |  36.3 |      17 |       9 |  34.6
        D:4 |      68 |     205 |  75.1 |       6 |      23 |  79.3
        D:5 |     316 |      28 |   8.1 |       7 |       1 |  12.5
            +---------+---------+-------+---------+---------+-------
